 Dungeon Crawl Stone Soup version 0.28-a0-631-g0446da8ef9 (webtiles) character file.

Game seed: 13227333685425311397

130905 timneilson the Peltast (level 16, 0/145 HPs)
             Began as a Deep Dwarf Fighter on Oct 9, 2021.
             Was the Champion of Makhleb.
             Killed by the raging water
             ... invoked by a water nymph
              (2 damage)
             ... on level 2 of the Shoals.
             The game lasted 01:17:22 (21590 turns).

timneilson the Peltast (Deep Dwarf Fighter)        Turns: 21590, Time: 01:17:23

Health: 0/145      AC: 30    Str: 29    XL:     16   Next: 54%
Magic:  12/12      EV: 12    Int: 10    God:    Makhleb [******]
Gold:   2208       SH: 16    Dex: 12    Spells: 15/15 levels left

rFire   + . .      SeeInvis .   T - +2 demon blade (flame)
rCold   + . .      Faith    .   G - +2 kite shield
rNeg    + . .      Spirit   .   E - +4 plate armour {rF+}
rPois   .          Reflect  .   m - +0 helmet
rElec   .          Harm     .   M - +2 cloak
rCorr   .          Rampage  .   b - +2 pair of gloves {Str+3}
Will    +....                   (no boots)
Stlth   ..........              (no amulet)
HPRegen 0.00/turn               l - ring of protection from cold
MPRegen 0.13/turn               a - ring of willpower

@: lit by a corona, weak-willed, mesmerised, glowing, studying Shields, very
slow
A: damage resistance, heal wounds, negative energy resistance 1, sense
surroundings 2, no regeneration
a: Heal Wounds, Renounce Religion, Minor Destruction, Lesser Servant of Makhleb,
Major Destruction, Greater Servant of Makhleb


You were on level 2 of the Shoals.
You worshipped Makhleb.
Makhleb was exalted by your worship.
You visited 5 branches of the dungeon, and saw 26 of its levels.
You visited the Abyss 1 time.
You also visited: Ossuary, Bailey and Volcano.

You collected 3209 gold pieces.
You spent 1001 gold pieces at shops.

Inventory:

Hand Weapons
 B - a +5 long sword of draining
 T - a +2 demon blade of flaming (weapon)
Armour
 b - a +2 pair of gloves of strength (worn)
 m - a +0 helmet (worn)
 D - +0 ice dragon scales
 E - a +4 plate armour of fire resistance (worn)
 G - a +2 kite shield (worn)
 M - a +2 cloak (worn)
Jewellery
 a - a ring of willpower (right hand)
 l - a ring of protection from cold (left hand)
 t - a ring of protection from cold
 A - a ring of see invisible
 F - a ring of positive energy
 I - a +6 ring of strength
Wands
 f - a wand of flame (56)
 r - a wand of paralysis (48)
 u - a wand of polymorph (19)
 x - a wand of iceblast (1)
 C - a wand of digging (14)
Scrolls
 c - 2 scrolls of magic mapping
 g - 6 scrolls of identify
 h - 5 scrolls of enchant armour
 k - 14 scrolls of teleportation
 q - 3 scrolls of blinking
 w - a scroll of silence
 y - 4 scrolls of enchant weapon
 H - 2 scrolls of summoning
 K - a scroll of amnesia
 P - 3 scrolls of fog
 Q - a scroll of acquirement
Potions
 d - 3 potions of might
 e - a potion of cancellation
 i - 2 potions of heal wounds
 j - 2 potions of resistance
 n - 8 potions of brilliance
 o - 8 potions of curing
 p - 5 potions of ambrosia
 s - a potion of magic
 v - 5 potions of haste
 z - 8 potions of flight
 J - 4 potions of mutation
 L - a potion of berserk rage
 N - 4 potions of attraction
 O - 2 potions of lignification


   Skills:
 + Level 9.7 Fighting
 * Level 14.1 Long Blades
 * Level 15.6 Armour
 + Level 10.9 Dodging
 * Level 17.3 Shields
 + Level 11.3 Invocations
 + Level 12.6 Evocations


You had 15 spell levels left.
You didn't know any spells.
Your spell library contained the following spells:

 Spells                   Type           Power      Damage    Failure   Level
 Animate Skeleton         Necr           0%         N/A       91%         1
 Pain                     Necr           0%         1d4       91%         1
 Sandblast                Erth           0%         2d4       91%         1
 Blink                    Tloc           N/A        N/A       97%         2
 Corpse Rot               Necr/Air       N/A        N/A       97%         2
 Passwall                 Tmut/Erth      0%         N/A       97%         2
 Lesser Beckoning         Tloc           0%         N/A       99%         3
 Portal Projectile        Hex/Tloc       0%         N/A       99%         3
 Stone Arrow              Conj/Erth      0%         3d7       99%         3
 Vampiric Draining        Necr           0%         2d6       99%         3
 Dispel Undead            Necr           0%         3d6       100%        4
 Petrify                  Tmut/Erth      0%         N/A       100%        4
 Alistair's Intoxication  Tmut/Pois      0%         N/A       100%        5
 Blade Hands              Tmut           0%         N/A       100%        5
 Borgnjor's Vile Clutch   Necr/Erth      0%         N/A       100%        5
 Excruciating Wounds      Necr           0%         N/A       100%        5
 Manifold Assault         Tloc           0%         N/A       100%        5
 Metabolic Englaciation   Hex/Ice        0%         N/A       100%        5
 Summon Forest            Summ/Tloc      0%         N/A       100%        5
 Death Channel            Necr           0%         N/A       100%        6
 Dispersal                Tloc           0%         N/A       100%        6
 Eringya's Noxious Bog    Tmut/Pois      0%         N/A       100%        6
 Statue Form              Tmut/Erth      0%         N/A       100%        6
 Malign Gateway           Summ/Tloc      0%         N/A       100%        7
 Summon Hydra             Summ           0%         N/A       100%        7
 Disjunction              Tloc           0%         N/A       100%        8


Dungeon Overview and Level Annotations

Branches:
Dungeon (15/15)            Temple (1/1) D:7            Lair (6/6) D:9
 Shoals (2/4) Lair:3        Snake (0/4) Lair:3        Slime (0/5) Lair:6
    Orc (2/2) D:10            Elf (0/3) Orc:2        Vaults (0/5) D:13
 Depths (0/4) D:15        Ossuary (visited)          Bailey (visited)
Volcano (visited)

Altars:
Ashenzari
Cheibriados
Dithmenos
Elyvilon
Fedhas
Gozag
Hepliaklqana
Kikubaaqudgha
Makhleb
Nemelex Xobeh
Okawaru
Qazlal
Ru
Sif Muna
Trog
Uskayaw
Vehumet
Wu Jian
Xom
Yredelemnul
Zin
The Shining One
Beogh

Shops:
D:1 (   D:3 (   D:5 [   D:6 *   D:8 *   D:13 (   Orc:2 !=[?

Annotations:
D:13 1 runed translucent door, Jiziv's ghost, journeyman DjCj
Lair:1 1 runed translucent door, Woods's ghost, journeyman DrTm
Lair:6 exclusion: 4 oklob plants


Innate Abilities, Weirdness & Mutations

You are resistant to damage.
You can heal yourself by infusing magical energy.
You resist negative energy. (rN+)
You passively map the area around you.
You do not regenerate.


Message History

The faun completely misses you. You block the faun's attack.
The merfolk siren chants its luring song.
The faun unwields a +3 hunting sling.
The faun wields a +0 spear.
You block the faun's attack. The water nymph touches you.
The water nymph drowns you!
* * * LOW HITPOINT WARNING * * *
The faun shoots a stone.
The stone hits you!
* * * LOW HITPOINT WARNING * * *
Okay, then.
You feel much better. The faun hits you but does no damage.
The faun unwields a +0 spear.
The faun wields a +0 hunting sling.
The faun shoots a stone.
You block the stone. The faun barely misses you.
The faun hits you with a +0 spear!!
* * * LOW HITPOINT WARNING * * *
You block the faun's attack.
The merfolk siren chants its luring song.
The water nymph touches you. The water nymph drowns you!
* * * LOW HITPOINT WARNING * * *
Unknown command.
You feel much better. You block the faun's attack.
The faun hits you from afar with a +0 spear!!
* * * LOW HITPOINT WARNING * * *
The faun shoots a stone.
The stone barely misses you.
The stone hits the faun!!
You block the faun's attack. The faun hits you with a +0 spear!
* * * LOW HITPOINT WARNING * * *
The faun barely misses you.
The merfolk siren chants its luring song.
The water nymph touches you. The water nymph drowns you!
* * * LOW HITPOINT WARNING * * *
You feel much better. You block the faun's attack. x2
The satyr shoots an arrow.
You block the arrow. The faun hits you but does no damage.
The faun shoots a stone.
The stone hits you but does no damage. The faun hits you with a +0 spear!
* * * LOW HITPOINT WARNING * * *
The faun hits you with a +0 club!!
* * * LOW HITPOINT WARNING * * *
The merfolk siren chants its luring song.
The water nymph gestures at you while chanting.
The water swirls and strikes you.
You die...

≈ ≈≈.........#..≈≈≈≈
≈≈≈ ≈ ≈
≈≈≈≈≈≈≈≈......≈≈≈≈≈≈≈≈
≈ ≈≈≈≈≈≈≈≈≈≈....≈≈≈≈..
≈ ≈ ≈≈≈≈≈≈≈≈≈≈.....≈≈.#
,≈ ≈
≈≈≈≈≈≈≈≈≈...(≈≈≈≈≈##
≈≈≈≈≈≈≈≈≈.<#.c≈≈≈≈≈≈≈ ≈
≈ ≈≈≈≈≈≈≈..###ccc.≈≈≈≈
≈ ≈≈
≈≈≈≈≈...≈)###)m.≈≈≈≈≈ ≈
≈ ≈
≈≈≈≈!##.≈..c@c..≈≈≈≈ ≈
≈ ≈ ≈≈≈≈
#..≈..ccm.≈≈≈≈≈ ≈
≈≈≈≈≈........###.≈≈≈≈≈≈
≈ ≈)≈≈.###..### * .≈≈≈
≈ ..≈..*#...# ≈≈≈≈ ≈ ≈
≈ ,≈ ≈ ... ##... , ≈≈≈
≈ ## , #..., ≈ , * ..≈≈
≈ ≈ ≈ * , ≈ ≈ ≈


You could see a satyr, 7 fauns, a merfolk siren (mesmerising) and a water nymph.

Vanquished Creatures
  Gastronok (D:9)
  2 orc warlords
  2 ettins
  A merfolk javelineer (Shoals:2)
  Josephine (Lair:4)
  A merfolk impaler (Shoals:1)
  A fire dragon (Volcano)
  4 vault guards (D:13)
  A boulder beetle (D:15)
  12 hydras
  Fannar (Orc:1)
  A rakshasa (D:14)
  5 ogre magi
  3 catoblepae (Lair:6)
  4 centaur warriors
  A merfolk avatar (Shoals:1)
  A death knight (D:12)
  14 death yaks
  An alligator snapping turtle (Shoals:1)
  8 two-headed ogres
  2 tengu warriors
  The ghost of mordus the Cleaver, a novice HOFi of Beogh (D:9)
  5 sun demons (Volcano)
  Sonja (Lair:2)
  Nergalle (Orc:1)
  5 skeletal warriors (D:12)
  A deep troll (D:15)
  4 sea snakes (Shoals:1)
  A wizard (D:15)
  2 orc knights
  Pikel (D:6)
  A phantasmal warrior (D:12)
  13 ugly things
  3 lindwurms
  8 harpies (Shoals:1)
  A faun (Shoals:1)
  9 manticores
  2 centaur zombies
  12 orc sorcerers
  7 cyclopes
  18 elephants (Lair:2)
  5 black mambas
  A water nymph (Shoals:1)
  3 gargoyles
  13 cane toads
  A smoke demon (Volcano)
  An unseen horror (D:11)
  Maggie (D:10)
  An efreet (D:14)
  An unseen horror (shapeshifter) (D:15)
  A freezing wraith (D:12)
  A kobold demonologist (D:13)
  2 tengu conjurers
  3 rime drakes
  7 komodo dragons
  A troll (shapeshifter) (D:15)
  10 trolls
  3 meliai (D:13)
  6 merfolk
  Prince Ribbit (D:6)
  6 polar bears
  11 slime creatures
  19 blink frogs
  9 dream sheep
  3 snapping turtles (Shoals:1)
  38 yaks
  8 wyverns
  A water elemental (Shoals:1)
  6 wraiths
  A human (D:13)
  7 steam dragons
  15 vampire mosquitoes
  A redback simulacrum (D:15)
  Menkaure (D:6)
  5 basilisks
  5 wargs
  4 nagas (Lair:3)
  2 acid dragons
  21 water moccasins
  2 hell hounds (Volcano)
  35 orc warriors
  2 ice beasts
  A sky beast (D:8)
  3 black bears
  2 necrophages (D:6)
  15 wolves
  15 ogres
  8 centaurs
  4 kobold brigands
  13 bullfrogs
  9 water moccasin zombies (Ossuary)
  A scorpion (D:4)
  A hornet simulacrum (D:12)
  A water moccasin skeleton (D:6)
  5 wights (D:8)
  3 howler monkeys
  2 electric eels (D:8)
  8 hounds
  A gnoll shaman (D:7)
  14 orc priests
  2 bullfrog skeletons
  3 jellies
  4 centaur skeletons
  Jessica (D:3)
  6 iguanas
  Natasha (D:2)
  32 orc wizards
  6 hell rats (Lair:4)
  A hound skeleton (D:4)
  2 mummies (Ossuary)
  A howler monkey zombie (D:9)
  Robin (D:3)
  2 adders
  4 gnolls (D:7)
  An ufetubus (D:6)
  An adder skeleton (D:5)
  4 adder zombies (Ossuary)
  2 worms
  77 orcs
  8 endoplasms
  2 gnoll zombies (Ossuary)
  15 goblins
  5 hobgoblins
  2 jackals (D:1)
  11 kobolds
  4 quokkas
  7 ball pythons
  4 bats
  A frilled lizard (D:1)
  8 hobgoblin zombies (Ossuary)
  3 kobold zombies (Ossuary)
  6 orc zombies (Ossuary)
  A quokka skeleton (D:4)
  5 rats
766 creatures vanquished.

Vanquished Creatures (others)
  An orc wizard (Orc:2)
  17 fungi
  56 plants
  2 withered plants (Lair:1)
76 creatures vanquished.

Grand Total: 842 creatures vanquished

Notes
Turn   | Place    | Note
-------+----------+-------------------------------------------
     0 | D:1      | timneilson the Deep Dwarf Fighter began the quest for the
                  | Orb.
     0 | D:1      | Reached XP level 1. HP: 20/20 MP: 1/1
     0 | D:1      | Noticed an ice dragon
     2 | D:1      | Noticed an iron dragon
     4 | D:1      | Noticed an orb of fire
     4 | D:1      | Noticed an orb of fire
     6 | D:1      | Noticed an ice dragon
     7 | D:1      | Noticed a tentacled monstrosity
    11 | D:1      | Noticed an iron dragon
    11 | D:1      | Noticed a large abomination
    13 | D:1      | Noticed an iron dragon
    15 | D:1      | Noticed an ice dragon
    15 | D:1      | Noticed an orb of fire
    17 | D:1      | Noticed a tentacled monstrosity
    17 | D:1      | Noticed a green draconian
    19 | D:1      | Noticed an ice dragon
    21 | D:1      | Noticed a tentacled monstrosity
   310 | D:1      | Reached XP level 2. HP: 18/27 MP: 2/2
   869 | D:1      | Found Kiah's Antique Weapon Shop.
  1174 | D:2      | Noticed Natasha
  1177 | D:2      | Noticed a crimson imp
  1190 | D:2      | Noticed a crimson imp
  1198 | D:2      | Reached XP level 3. HP: 25/33 MP: 2/2
  1200 | D:2      | Killed Natasha
  1502 | D:3      | Found a broken altar of Ashenzari.
  1503 | D:3      | Found an iron altar of Okawaru.
  1572 | D:3      | Found a bloodstained altar of Trog.
  1615 | D:3      | Reached XP level 4. HP: 28/42 MP: 3/3
  1643 | D:3      | Noticed Jessica
  1643 | D:3      | Noticed Robin
  1666 | D:3      | Reached skill level 4 in Shields
  1667 | D:3      | Killed Jessica
  1668 | D:3      | Reached skill level 1 in Dodging
  1758 | D:3      | Found Toitoo Amerph's Weapon Boutique.
  1820 | D:3      | Killed Robin
  2026 | D:4      | Reached XP level 5. HP: 25/49 MP: 4/4
  2041 | D:4      | Reached skill level 1 in Evocations
  2085 | D:4      | Found a sand-covered staircase.
  2090 | Ossuary  | Entered an ossuary
  2171 | Ossuary  | Reached XP level 6. HP: 42/56 MP: 5/5
  2211 | Ossuary  | Reached skill level 5 in Armour
  2228 | Ossuary  | Reached skill level 5 in Shields
  2238 | Ossuary  | Reached XP level 7. HP: 34/62 MP: 6/6
  2747 | D:4      | Reached XP level 8. HP: 33/72 MP: 7/7
  2853 | D:4      | Found a hide-covered altar of Uskayaw.
  3334 | D:5      | Entered Level 5 of the Dungeon
  3366 | D:5      | Reached skill level 6 in Shields
  3428 | D:5      | Found a radiant altar of Vehumet.
  3545 | D:5      | Found Sacuejuw's Armour Boutique.
  3588 | D:5      | Reached skill level 5 in Long Blades
  3961 | D:6      | Found Aprar's General Store.
  4063 | D:6      | Noticed Pikel
  4080 | D:6      | Killed Pikel
  4081 | D:6      | Reached skill level 7 in Shields
  4081 | D:6      | Gained mutation: You passively map the area around you.
                  | [Deep Dwarf growth]
  4081 | D:6      | Reached XP level 9. HP: 45/79 MP: 8/8
  4180 | D:6      | Noticed Menkaure
  4197 | D:6      | Killed Menkaure
  4198 | D:6      | Reached skill level 5 in Evocations
  4337 | D:6      | Noticed Prince Ribbit
  4462 | D:6      | Killed Prince Ribbit
  4471 | D:6      | Found a white marble altar of Elyvilon.
  4471 | D:6      | Found a glowing golden altar of the Shining One.
  4471 | D:6      | Found a glowing silver altar of Zin.
  4623 | D:7      | Found a staircase to the Ecumenical Temple.
  4643 | Temple   | Entered the Ecumenical Temple
  4654 | Temple   | Became a worshipper of Makhleb the Destroyer
  4788 | D:7      | Found a shimmering blue altar of Sif Muna.
  4924 | D:7      | Reached skill level 5 in Fighting
  5228 | D:7      | Identified a scroll of acquirement
  5258 | D:8      | Reached skill level 8 in Shields
  5320 | D:8      | Reached XP level 10. HP: 58/88 MP: 7/7
  5335 | D:8      | Reached * piety under Makhleb
  5351 | D:8      | Reached skill level 5 in Dodging
  5447 | D:8      | Found Gufutem's Assorted Antiques.
  5453 | D:8      | Acquired 996 gold pieces
  5549 | D:8      | Reached skill level 1 in Invocations
  5630 | D:6      | Bought a +4 plate armour of fire resistance for 700 gold
                  | pieces
  5693 | D:5      | Bought a +2 pair of gloves of strength for 301 gold pieces
  6225 | D:9      | Noticed a four-headed hydra
  6228 | D:9      | Killed a four-headed hydra
  6243 | D:9      | Noticed mordus's ghost (novice HOFi)
  6244 | D:9      | Noticed a seven-headed hydra
  6250 | D:9      | Noticed a two-headed ogre
  6272 | D:9      | Reached skill level 9 in Shields
  6283 | D:9      | Killed a two-headed ogre
  6299 | D:9      | Found a transporter.
  6302 | D:9      | Found a transporter.
  6312 | D:9      | Reached ** piety under Makhleb
  6413 | D:9      | Reached XP level 11. HP: 64/97 MP: 10/10
  6422 | D:9      | Noticed a two-headed hydra
  6428 | D:9      | Killed a two-headed hydra
  6493 | D:9      | Found a staircase to the Lair.
  6677 | D:9      | Noticed Gastronok
  6704 | D:9      | Killed Gastronok
  6744 | D:10     | Entered Level 10 of the Dungeon
  6797 | D:10     | Reached skill level 10 in Armour
  7033 | D:10     | Found a shadowy altar of Dithmenos.
  7052 | D:10     | Reached skill level 10 in Shields
  7063 | D:10     | Found a staircase to the Orcish Mines.
  7240 | D:10     | Noticed Maggie
  7245 | D:10     | Cast into level 2 of the Abyss (Maggie)
  7254 | Abyss:2  | Found a corrupted altar of Lugonu.
  7297 | D:10     | Escaped the Abyss
  7306 | D:10     | Killed Maggie
  8504 | D:12     | Noticed a skeletal warrior
  8505 | D:12     | Noticed a skeletal warrior
  8505 | D:12     | Noticed a skeletal warrior
  8602 | Lair:1   | Entered Level 1 of the Lair of Beasts
  8782 | Lair:1   | Found a runed translucent door.
  8783 | Lair:1   | Noticed Woods's ghost (journeyman DrTm)
  8905 | Lair:1   | Reached *** piety under Makhleb
  8913 | Lair:1   | Noticed an eight-headed hydra
  8981 | Lair:1   | Reached skill level 5 in Invocations
  9218 | Lair:1   | Reached XP level 12. HP: 41/106 MP: 10/10
  9670 | Lair:2   | Reached skill level 11 in Shields
  9782 | Lair:2   | Reached skill level 10 in Long Blades
  9944 | Lair:2   | Noticed a six-headed hydra
  9951 | Lair:2   | Killed a six-headed hydra
 10009 | Lair:2   | Noticed Sonja
 10028 | Lair:2   | Killed Sonja
 10028 | Lair:2   | Reached **** piety under Makhleb
 10132 | Lair:2   | Killed an eight-headed hydra
 10251 | Lair:2   | Reached XP level 13. HP: 80/115 MP: 12/12
 10693 | Lair:3   | Found a staircase to the Shoals.
 10824 | Lair:3   | You fall into a shaft and drop 2 floors!
 10875 | Lair:5   | Reached skill level 12 in Shields
 11356 | Lair:4   | Reached ***** piety under Makhleb
 11357 | Lair:4   | Reached skill level 10 in Evocations
 11467 | Lair:4   | Noticed Josephine
 11479 | Lair:4   | Killed Josephine
 11733 | Lair:3   | Found a staircase to the Snake Pit.
 12948 | Lair:6   | Entered Level 6 of the Lair of Beasts
 13021 | Lair:5   | Gained mutation: You resist negative energy. (rN+) [Deep
                  | Dwarf growth]
 13021 | Lair:5   | Reached XP level 14. HP: 89/124 MP: 13/13
 13078 | Lair:6   | Reached skill level 13 in Shields
 13214 | Lair:6   | Found a staircase to the Slime Pits.
 14342 | Lair:6   | Acquired a manual of Shields
 14541 | Orc:1    | Entered Level 1 of the Orcish Mines
 14541 | Orc:1    | Noticed an orc warlord
 14566 | D:10     | Reached ****** piety under Makhleb
 14611 | D:10     | Killed an orc warlord
 14661 | Orc:1    | Noticed Fannar
 14682 | Orc:1    | Killed Fannar
 14724 | Orc:1    | Noticed Nergalle
 14744 | Orc:1    | Killed Nergalle
 14750 | Orc:1    | Found Romesale's Firing Range.
 14771 | Orc:1    | Noticed an orc warlord
 14791 | Orc:1    | HP: 3/127 [orc warlord (15)]
 14806 | Orc:1    | Killed an orc warlord
 14817 | Orc:1    | Reached skill level 14 in Shields
 15026 | Orc:2    | Entered Level 2 of the Orcish Mines
 15095 | Orc:2    | Found a dark tunnel.
 15107 | Volcano  | Entered a volcano
 15508 | Orc:2    | Reached XP level 15. HP: 97/134 MP: 12/12
 15728 | Orc:2    | Found a staircase to the Elven Halls.
 15920 | Orc:2    | Found Gaogesh's Magic Scroll Emporium.
 15962 | Orc:2    | Found Izenucyzee's Distillery.
 15982 | Orc:2    | Found a radiant altar of Vehumet.
 16124 | Orc:2    | Found Ysuweaw's Jewellery Emporium.
 16136 | Orc:2    | Found Afeask's Antique Armour Shoppe.
 16181 | Orc:2    | Found an ancient bone altar of Kikubaaqudgha.
 16986 | D:12     | Reached skill level 15 in Shields
 17010 | D:12     | Reached skill level 10 in Invocations
 17270 | D:12     | Reached skill level 10 in Dodging
 17559 | D:13     | Found a runed translucent door.
 17559 | D:13     | Noticed Jiziv's ghost (journeyman DjCj)
 17613 | D:13     | Found Getich's Weapon Boutique.
 18016 | D:13     | Found a gate to the Vaults.
 18350 | D:9      | Killed mordus's ghost
 18746 | D:14     | Found a flagged portal.
 18760 | D:14     | Reached skill level 16 in Shields
 18788 | Bailey   | Entered a bailey
 19607 | D:14     | Reached skill level 15 in Armour
 19812 | D:15     | Entered Level 15 of the Dungeon
 19904 | D:15     | Reached XP level 16. HP: 88/144 MP: 13/13
 20081 | D:15     | Found a staircase to the Depths.
 20132 | D:15     | Got the Catalogue of Supportive Necromancy
 20862 | Shoals:1 | Entered Level 1 of the Shoals
 20957 | Shoals:1 | Reached skill level 17 in Shields
 21590 | Shoals:2 | HP: 2/145 [faun (24)]
 21590 | Shoals:2 | Killed from afar by a water nymph

Illustrated notes

Levels and vault maps discovered:
D:1:      shiori_arrival_whats_in_store_for_you, layout_basic, serial_shops,
          nicolae_lakefront_shop, grunt_decor_mini_mirrors
D:2:      layout_rooms, uniq_natasha
D:3:      layout_rooms, mainiacjoe_overflow_divided_tiny, lemuel_tele_altar,
          serial_shops, shop, uniq_jessica, uniq_robin
D:4:      layout_loops_corners, nicolae_uskayaw_murder_on_the_dancefloor,
          nicolae_ossuary_entry_false_entrances, patterned_corridor
D:5:      layout_loops_ring, mainiacjoe_overflow_small_starburst, serial_shops,
          nicolae_shop_trees
D:6:      layout_basic, good_gods_mini_temple, serial_shops,
          nicolae_square_shop, uniq_pikel, uniq_prince_ribbit1, uniq_menkaure
D:7:      layout_basic, nicolae_sif_muna_condensation,
          minmay_temple_entry_junction
D:8:      layout_loops_ring, serial_shops, nicolae_shop_trees,
          serial_bayou_lagoon_b
D:9:      layout_rooms, dpeg_oklobed_lair, gammafunk_ghost_arena,
          hangedman_ranch, uniq_gastronok
D:10:     layout_roguey, nicolae_dithmenos_through_a_glass_darkly, uniq_maggie
D:11:     layout_basic, serial_co_window_serial, co_window_corner_a,
          co_window_corner_a, co_window_paths_b, co_window_of_opportunity_a,
          co_window_of_opportunity_a, co_window_2corner, co_window_2corner,
          co_window_corner_b, co_window_4corner_a, co_window_paths_d,
          glass_columns_a
D:12:     layout_loops_ring
D:13:     layout_basic, grunt_vaults_entry_fortified, serial_shops,
          nicolae_shop_crystal, hellmonk_ghost_big_iron
D:14:     layout_long_grid, kennysheep_flooded_box, enter_bailey_2
D:15:     hangedman_depths_entry_civil_slaughter, layout_loops_ring
Temple:   nicolae_temple_no_exploring_needed
Lair:1:   layout_cave_pods, gammafunk_ghost_grave
Lair:2:   beast_lair_carwin_large_3, layout_regular_city, grunt_megastairs_4,
          uniq_sonja
Lair:3:   layout_cave_pods, elwin_shoals_entry_rocks,
          minmay_snake_entry_guardpost_medium, infiniplex_staircase_pool_2
Lair:4:   layout_gridlike, uniq_josephine
Lair:5:   layout_hall_layers
Lair:6:   evilmike_catoblepas_cave, layout_misc_corridors,
          minmay_slime_entry_oklob_open, grunt_megastairs_5
Shoals:1: layout_shoals, nicolae_shoals_lost_giant_baths, ldierk_geyser
Shoals:2: layout_shoals, serial_shops, shop
Orc:1:    layout_diamond_mine, basic_altar, nicolae_shop_firing_range,
          uniq_nergalle, uniq_fannar
Orc:2:    kennysheep_orc_mage_school, layout_caves,
          nicolae_volcano_entry_vermiform

Skill      XL: |  1  2  3  4  5  6  7  8  9 10 11 12 13 14 15 16 |
---------------+-------------------------------------------------+-----
Armour         | 4 5 7 8 9 10 11 12 14 15 | 15.6
Fighting       | 3 4 5 6 7 8 9 |  9.7
Shields        | 4 5 7 8 9 10 11 12 14 16 17 | 17.3
Dodging        | 1 2 4 5 6 7 8 9 10 | 10.9
Long Blades    | 3 4 5 7 8 9 10 11 12 13 14 | 14.1
Evocations     | 1 2 3 4 5 7 8 9 10 11 12 | 12.6
Invocations    | 3 5 6 8 9 10 11 | 11.3

Action                   |  1- 3 |  4- 6 |  7- 9 | 10-12 | 13-15 | 16-18 || total
-------------------------+-------+-------+-------+-------+-------+-------++-------
Melee: Long sword        |   118 |   181 |   594 |   680 |  1032 |       ||  2605
       Demon blade       |       |       |       |       |   916 |   396 ||  1312
Invok: Minor Destruction |       |       |       |     1 |       |       ||     1
 Abil: Heal Wounds       |     1 |     3 |    14 |    20 |    32 |     4 ||    74
Evoke: Wand              |       |       |       |    20 |    34 |     1 ||    55
  Use: Scroll            |     9 |     1 |     7 |     3 |    12 |     1 ||    33
       Potion            |       |       |       |     1 |     7 |     3 ||    11
 Stab: Paralysed         |       |       |       |     2 |       |     3 ||     5
       Petrified         |       |       |       |       |     2 |       ||     2
Armor: Scale mail        |    87 |    80 |   287 |    21 |       |       ||   475
       Plate armour      |       |       |       |   443 |   954 |   202 ||  1599
Dodge: Dodged            |    69 |    99 |   310 |   308 |   808 |   123 ||  1717
Block: Buckler           |    47 |    52 |   178 |   246 |   587 |       ||  1110
       Kite shield       |       |       |       |       |   202 |   330 ||   532

Table legend: (Time is in decaauts)
 A = Elapsed time spent in this place.
 B = Non-inter-level travel time spent in this place.
 C = Inter-level travel time spent in this place.
 D = Time resting spent in this place.
 E = Time spent auto-exploring this place.
 F = Levels seen in this place.
 G = Mean time per level.
                   A        B        C        D        E       F      G
               +--------+--------+--------+--------+--------+-----+--------+
         Total |  21135 |  19396 |   1739 |    162 |  11852 |  30 |  704.5 |
       Dungeon |  11968 |  10693 |   1275 |    161 |   6941 |  15 |  797.9 |
        Temple |     19 |     12 |      7 |      0 |      0 |   1 |   19.0 |
          Lair |   5806 |   5456 |    350 |      1 |   3545 |   6 |  967.7 |
        Shoals |    686 |    676 |     10 |      0 |    326 |   2 |  343.0 |
  Orcish Mines |   1620 |   1525 |     95 |      0 |    831 |   2 |  810.0 |
         Abyss |     51 |     51 |      0 |      0 |      0 |   1 |   51.0 |
       Ossuary |    334 |    334 |      0 |      0 |     33 |   1 |  334.0 |
        Bailey |    398 |    398 |      0 |      0 |    175 |   1 |  398.0 |
       Volcano |    249 |    249 |      0 |      0 |      0 |   1 |  249.0 |
               +--------+--------+--------+--------+--------+-----+--------+

Top non-repeatable levels by time:
  Lair:6: 1334 daAuts
    D:11: 1282 daAuts
  Lair:2: 1174 daAuts
     D:4: 1071 daAuts
   Orc:2: 1057 daAuts
     D:1: 1055 daAuts
  Lair:1: 934 daAuts
  Lair:3: 847 daAuts
  Lair:5: 827 daAuts
    D:15: 825 daAuts
    D:10: 807 daAuts
    D:12: 803 daAuts
    D:14: 781 daAuts
     D:8: 754 daAuts
     D:7: 749 daAuts
